 Dungeon Crawl Stone Soup version 0.27.1-33-g824d729ab1 (webtiles) character file.

Game seed: 9619000928614745663

746 zeram the Jinx (level 7, 0/36 HPs)
             Began as a Deep Elf Enchanter on Dec 1, 2021.
             Slain by a gnoll (4 damage)
             ... on level 5 of the Dungeon.
             The game lasted 00:10:01 (5570 turns).

zeram the Jinx (Deep Elf Enchanter)                 Turns: 5570, Time: 00:10:01

Health: 0/36       AC:  5    Str:  5    XL:     7   Next: 48%
Magic:  14/19      EV: 13    Int: 22    God:
Gold:   256        SH:  0    Dex: 15    Spells: 11/20 levels left

rFire    . . .     SeeInvis .   e - +1 dagger (venom)
rCold    . . .     Faith    .   (no shield)
rNeg     . . .     Spirit   .   b - +0 robe
rPois    .         Reflect  .   (no helmet)
rElec    .         Harm     .   (no cloak)
rCorr    .         Rampage  .   c - +2 pair of gloves
Will     .....                  (no boots)
Stlth    +++.......             (no amulet)
HPRegen  0.12/turn              a - ring of wizardry
MPRegen  0.16/turn              (no ring)

@: no status effects
A: no striking features
a: no special abilities


You were on level 5 of the Dungeon.
You visited 2 branches of the dungeon, and saw 6 of its levels.

You collected 256 gold pieces.

Inventory:

Hand Weapons
 e - a +1 dagger of venom (weapon)
Armour
 b - a +0 robe (worn)
 c - a +2 pair of gloves (worn)
Jewellery
 a - a ring of wizardry (left hand)
 l - a ring of poison resistance
Wands
 j - a wand of flame (17)
Scrolls
 g - 2 scrolls of fog
 h - a scroll of teleportation
 i - a scroll of identify
 m - a scroll of magic mapping
Potions
 d - a potion of haste
 f - a potion of might
 k - a potion of curing


   Skills:
 - Level 1.1 Short Blades
 - Level 2.8 Dodging
 - Level 4.3 Stealth
 + Level 7.1 Spellcasting
 + Level 9.2 Hexes


You had 11 spell levels left.
You knew the following spells:

 Your Spells              Type           Power      Damage    Failure   Level
a - Corona                Hex            53%        N/A       1%          1
b - Ensorcelled Hibernat  Hex/Ice        56%        N/A       1%          2
c - Tukima's Dance        Hex            48%        N/A       1%          3
d - Dazzling Flash        Conj/Hex       56%        N/A       1%          3

Your spell library contained the following spells:

 Spells                   Type           Power      Damage    Failure   Level
 Confusing Touch          Hex            48%        N/A       1%          3
 Yara's Violent Unravell  Hex/Tmut       14%        3d7       14%         5
 Passage of Golubria      Tloc           N/A        N/A       32%         4


Dungeon Overview and Level Annotations

Branches:
Dungeon (5/15)             Temple (1/1) D:4

Altars:
Elyvilon
Fedhas
Gozag
Kikubaaqudgha
Makhleb
Nemelex Xobeh
Okawaru
Qazlal
Ru
Sif Muna
Uskayaw
Vehumet
Wu Jian
Xom
Zin

Annotations:
D:3 Grinder


Message History

You start resting.
HP restored.
Found a stone staircase leading down.
A gnoll comes into view. It is wielding a +0 flail.
A gnoll comes into view. It is wielding a +0 halberd.
You see here 12 gold pieces.
There are monsters nearby!
There are monsters nearby! 2 gnolls come into view.
A gnoll comes into view.
It is wielding a +0 whip and carrying a wand of mindburst (17).
Casting: Ensorcelled Hibernation (safe; 1% risk of failure)
Confirm with . or Enter, or press ? or * to list all spells.
The gnoll is dazzled.
The gnoll shouts! x5
Casting: Dazzling Flash (safe; 1% risk of failure)
Confirm with . or Enter, or press ? or * to list all spells.
The gnoll shaman is dazzled.
The gnoll is dazzled. x3; The gnoll misses you.
The gnoll shaman barely misses you.
Unknown command.
You hit the gnoll but do no damage.
The gnoll is poisoned.
The gnoll hits you but does no damage. The gnoll closely misses you.
The gnoll misses you. The gnoll shaman barely misses you.
You hit the gnoll.
The gnoll is lightly wounded.
The gnoll hits you with a +0 halberd.
The gnoll hits you from afar with a +0 spear.
The gnoll shaman barely misses you.
You hit the gnoll shaman.
The gnoll shaman is poisoned.
The gnoll shaman is lightly wounded.
The gnoll barely misses you. The gnoll misses you.
The gnoll closely misses you. The gnoll barely misses you.
You hit the gnoll shaman but do no damage.
The gnoll shaman looks as sick as possible!
The gnoll shaman is lightly wounded.
The gnoll zaps a wand.
Your mind is blasted!
Ouch! That really hurt!
* * * LOW HITPOINT WARNING * * *
The gnoll closely misses you. The gnoll barely misses you.
The gnoll hits you from afar with a +0 spear.
You die...

..................#
..................##
...................#
...................#
......รท............#
...................#
.............g....##
..........gggg...##
.........).@g..###
....[.........##
...............#
.......>$.....##
...........###
...........#
#..........#
#..........#
#..........#


You could see a gnoll shaman (wandering, blind, extremely poisoned) and 5
gnolls.

Vanquished Creatures
  A black bear (D:5)
  2 ogres
  A centaur (D:4)
  A phantom (D:4)
  A scorpion (D:4)
  A bullfrog zombie (D:4)
  3 hounds
  An orc priest (D:3)
  An iguana (D:5)
  3 adders
  A worm (D:2)
  12 orcs
  2 endoplasms
  6 goblins
  12 hobgoblins
  3 kobolds
  A quokka (D:1)
  7 ball pythons
  6 bats
  3 frilled lizards
  4 rats
72 creatures vanquished.

Vanquished Creatures (others)
  An adder (D:3)
  2 orcs (D:3)
  A ball python (D:3)
  A goblin (D:3)
  A hobgoblin (D:3)
  A bat (D:3)
  A frilled lizard (D:3)
8 creatures vanquished.

Grand Total: 80 creatures vanquished

Notes
Turn   | Place    | Note
-------+----------+-------------------------------------------
     0 | D:1      | zeram the Deep Elf Enchanter began the quest for the Orb.
     0 | D:1      | Reached XP level 1. HP: 10/10 MP: 6/6
   650 | D:1      | Reached XP level 2. HP: 15/15 MP: 8/8
  1371 | D:2      | You fall into a shaft and drop 2 floors!
  1382 | D:4      | Reached XP level 3. HP: 12/19 MP: 9/9
  1542 | D:4      | Noticed a scorpion
  1551 | D:4      | Killed a scorpion
  1552 | D:4      | Reached skill level 5 in Hexes
  1552 | D:4      | Reached XP level 4. HP: 19/24 MP: 9/11
  1555 | D:4      | Learned a level 2 spell: Ensorcelled Hibernation
  1646 | D:4      | Found an ornate altar of the Wu Jian Council.
  1760 | D:4      | Found a stormy altar of Qazlal.
  1808 | D:4      | Noticed a centaur
  1822 | D:4      | Killed a centaur
  1823 | D:4      | Reached skill level 6 in Hexes
  1823 | D:4      | Reached XP level 5. HP: 11/28 MP: 11/13
  2041 | D:3      | Found a shimmering altar of Xom.
  2062 | D:3      | Reached skill level 7 in Hexes
  2066 | D:3      | Learned a level 3 spell: Tukima's Dance
  2097 | D:3      | Found a hide-covered altar of Uskayaw.
  2216 | D:3      | Noticed Grinder
  2226 | D:3      | Paralysed by Grinder for 3 turns
  2235 | D:3      | Paralysed by Grinder for 7 turns
  3036 | D:3      | Reached XP level 6. HP: 32/32 MP: 15/15
  3050 | D:3      | Reached skill level 5 in Spellcasting
  3283 | D:3      | Learned a level 3 spell: Dazzling Flash
  3455 | D:3      | Found a sacrificial altar of Ru.
  3471 | D:3      | Reached skill level 8 in Hexes
  4501 | D:4      | Found a staircase to the Ecumenical Temple.
  4522 | Temple   | Entered the Ecumenical Temple
  4656 | D:4      | Reached XP level 7. HP: 5/36 MP: 18/18
  5092 | D:5      | Entered Level 5 of the Dungeon
  5304 | D:5      | Reached skill level 9 in Hexes
  5570 | D:5      | Slain by a gnoll

Illustrated notes

Levels and vault maps discovered:
D:1:      moated_graveyard_arrival, layout_basic, chequers_garden
D:2:      layout_basic
D:3:      layout_loops_ring, xom_confusion_cloud, lemuel_crystal_altar,
          nicolae_ru_sacrificial_ziggurat, serial_glass, glass_columns_b,
          glass_columns_c, minmay_tree_intersection, uniq_grinder
D:4:      layout_cave_pods, lemuel_round_altar, nicolae_wu_jian_wuxing_cycle,
          minmay_temple_entry_glassed_door, amcnicky_mini_corridor_feature,
          kennysheep_generic_room_11
D:5:      layout_layer_cave
Temple:   cyrus_temple_forest

Skill      XL: |  1  2  3  4  5  6  7 |
---------------+----------------------+-----
Stealth        | 4 |  4.3
Hexes          | 5 6 7 8 9 |  9.2
Spellcasting   | 4 6 7 |  7.1
Short Blades   | |  1.1
Dodging        | |  2.8

Action                   |  1- 3 |  4- 6 |  7- 9 || total
-------------------------+-------+-------+-------++-------
Melee: Dagger            |    66 |   161 |    20 ||   247
 Cast: Corona            |     1 |       |       ||     1
       Ensorcelled Hiber |       |    18 |    10 ||    28
       Tukima's Dance    |       |     3 |       ||     3
       Dazzling Flash    |       |       |     2 ||     2
  Use: Scroll            |     2 |     4 |       ||     6
       Potion            |       |     6 |       ||     6
 Stab: Sleeping          |     8 |    18 |     6 ||    32
       Distracted        |       |     1 |       ||     1
Armor: Robe              |    15 |    46 |    10 ||    71
Dodge: Dodged            |    44 |   116 |    32 ||   192
